 Dungeon Crawl Stone Soup version 0.30-a0-43-gbbf338a (webtiles) character file.

Game seed: 4742574924378759380

31 Snowpity the Trooper (level 3, 0/20 HPs)
             Began as a Vine Stalker Fighter on Aug 31, 2022.
             Slain by a +4 rapier of freezing (1 damage)
             ... created by the rancor of the Wu Jian Council
             ... on level 2 of the Dungeon.
             The game lasted 00:02:46 (1752 turns).

Snowpity the Trooper (Vine Stalker Fighter)         Turns: 1752, Time: 00:02:46

Health: 0/20       AC:  6    Str: 20    XL:     3   Next: 22%
Magic:  0/4        EV:  9    Int:  8    God:
Gold:   44         SH:  4    Dex: 13    Spells: 2/2 levels left

rFire   . . .      SeeInvis .    a - +0 flail
rCold   . . .      Faith    .    c - +0 buckler
rNeg    . . .      Spirit   +    b - +0 scale mail
rPois   .          Reflect  .    (no helmet)
rElec   .          Harm     .    (no cloak)
rCorr   .          Rampage  .    (no gloves)
Will    .....                    (no boots)
Stlth   ..........               (no amulet)
HPRegen 0.06/turn                (no ring)
MPRegen 0.09/turn                (no ring)

@: mighty
A: fangs 2, magic shield, antimagic bite, no potion heal 2
a: no special abilities


You were on level 2 of the Dungeon.
You visited 1 branch of the dungeon, and saw 2 of its levels.

You collected 44 gold pieces.

Inventory:

Hand Weapons
 a - a +0 flail (weapon)
Armour
 b - a +0 scale mail (worn)
 c - a +0 buckler (worn)
Jewellery
 e - a ring of fire
Potions
 d - a potion of might
 f - a potion of cancellation {unknown}
 j - a potion of haste {unknown}
 k - a potion of ambrosia {unknown}


   Skills:
 + Level 3.0 Fighting
 + Level 2.2 Maces & Flails
 + Level 2.7 Armour
 + Level 3.0 Shields


You had 2 spell levels left.
You didn't know any spells.
Your spell library contained the following spells:

 Spells                   Type           Power      Damage    Failure   Level
 Sublimation of Blood     Necr           0%         N/A       94%         2
 Wereblood                Tmut           0%         N/A       94%         2
 Airstrike                Air            0%         2d(0-16)  100%        4
 Summon Lightning Spire   Summ/Air       0%         N/A       100%        4
 Lightning Bolt           Conj/Air       0%         1d11      100%        5
 Summon Hydra             Summ           0%         N/A       100%        7


Dungeon Overview and Level Annotations

Branches:
Dungeon (2/15)

Altars:
Wu Jian


Innate Abilities, Weirdness & Mutations

You have extremely sharp teeth.
When hurt, damage is shared between your health and your magic reserves.
Your bite disrupts and absorbs the magic of your enemies.
Potions cannot restore your health.


Message History

You hit the hobgoblin.
The hobgoblin is almost dead.
The hobgoblin hits you. x2
A hobgoblin is nearby!
You hit the hobgoblin.
You kill the hobgoblin!
Sifu Cai Fang says: Die by a thousand cuts!
A +4 rapier of freezing, a +0 vorpal broad axe and a +0 vorpal glaive come into view.
You barely miss the +0 vorpal broad axe.
There are monsters nearby!
You barely miss the +0 vorpal broad axe.
You bite the +0 vorpal broad axe, but do no damage.
The +4 rapier of freezing hits you. The +4 rapier of freezing freezes you.
The +0 vorpal broad axe hits you!
There are monsters nearby!
You are too injured to fight recklessly!
There are monsters nearby!
Unknown command.
You hit the +0 vorpal glaive.
You destroy the +0 vorpal glaive!
That felt strangely unrewarding.
The +4 rapier of freezing hits you. The +4 rapier of freezing freezes you.
* * * LOW HITPOINT WARNING * * *
You completely miss the +4 rapier of freezing.
The +0 vorpal broad axe closely misses you.
The +4 rapier of freezing hits you but does no damage.
You hit the +4 rapier of freezing but do no damage.
You bite the +4 rapier of freezing, but do no damage.
You carefully extract the barbed spikes from your body.
The +4 rapier of freezing hits you but does no damage.
The +0 vorpal broad axe hits you.
* * * LOW HITPOINT WARNING * * *
x2 You aren't carrying any scrolls.
Unknown command.
Unknown command.
You feel very mighty all of a sudden. The +4 rapier of freezing hits you.
* * * LOW HITPOINT WARNING * * *
The +4 rapier of freezing freezes you.
You die...

,*******,,,** *,,* *******
,,,,,,,**,** *,,* *,,,,,,
******,**,* *,,* *,***** *,**,*
*,,* *,* *,**,* *,,*** *,*
*,**.######## *,,,,* *,*****
*,**......†(# *,**,* *,,,,,*
*,********#(# *,*#.# *****,*
*,* #@# *,*#.# *,# *,*
##.##*,##.# *###.#
****,***#####...##.##.####.....
*,,,,,,.......#....##........,,
*,**,**######...#####§§#§..,,,*
*,**,* ##<######..#§#**,,,
*,**,* #.......§§§§# *,,,
***,**,* ########§§#§#**,,*
,,,,,,,* #§§§§§.,,,,


You could see 2 dancing weapons.

Vanquished Creatures
  A dancing weapon (D:2)
  A dart slug (D:1)
  4 endoplasms (D:1)
  2 giant cockroaches (D:1)
  5 hobgoblins
  2 kobolds (D:1)
  2 quokkas (D:1)
  3 ball pythons (D:1)
  A bat (D:2)
  4 frilled lizards (D:1)
  2 goblins (D:1)
  2 rats (D:1)
29 creatures vanquished.

Notes
Turn   | Place    | Note
-------+----------+-------------------------------------------
     0 | D:1      | Snowpity the Vine Stalker Fighter began the quest for the
                  | Orb.
     0 | D:1      | Reached XP level 1. HP: 11/11 MP: 2/2
   365 | D:1      | Reached XP level 2. HP: 16/16 MP: 3/3
  1186 | D:1      | Reached XP level 3. HP: 20/20 MP: 4/4
  1575 | D:1      | Found a faded altar of an unknown god.
  1586 | D:1      | Prayed at the altar of an unknown god.
  1586 | D:1      | Became a worshipper of the Wu Jian Council
  1586 | D:1      | Reached * piety under Wu Jian
  1590 | D:1      | Fell from the grace of Wu Jian
  1746 | D:2      | Noticed a +4 rapier of freezing
  1746 | D:2      | Noticed a +0 vorpal broad axe
  1746 | D:2      | Noticed a +0 vorpal glaive
  1748 | D:2      | Killed a +0 vorpal glaive
  1752 | D:2      | HP: 1/20 [+4 rapier of freezing[the rancor of the Wu Jian
                  | Council] (3)]
  1752 | D:2      | Slain by a +4 rapier of freezing

Illustrated notes

Levels and vault maps discovered:
D:1:      psy_arrival_fountain, layout_basic, dilly_ecumenical_altar_fadedgnrine
D:2:      layout_loops_ring

Skill      XL: |  1  2  3 |
---------------+----------+-----
Maces & Flails | 2 |  2.2
Fighting       | 3 |  3.0
Shields        | 3 |  3.0
Armour         | |  2.7

Action                   || total
-------------------------++-------
Melee: Flail             ||    82
       Bite              ||    14
Invok: Renounce Religion ||     1
  Use: Scroll            ||     3
       Potion            ||     1
Armor: Scale mail        ||    44
Dodge: Dodged            ||    53
Block: Buckler           ||    21

Table legend: (Time is in decaauts)
 A = Elapsed time spent in this place.
 B = Non-inter-level travel time spent in this place.
 C = Inter-level travel time spent in this place.
 D = Time resting spent in this place.
 E = Time spent auto-exploring this place.
 F = Levels seen in this place.
 G = Mean time per level.
                   A        B        C        D        E       F      G
               +--------+--------+--------+--------+--------+-----+--------+
         Total |   1779 |   1762 |     17 |      0 |   1554 |   2 |  889.5 |
       Dungeon |   1779 |   1762 |     17 |      0 |   1554 |   2 |  889.5 |
               +--------+--------+--------+--------+--------+-----+--------+

Top non-repeatable levels by time:
     D:1: 1699 daAuts
     D:2: 79 daAuts
